 Dungeon Crawl Stone Soup version 0.31.0-9-g3a7656b989 (webtiles) character file.

Game seed: 14364742412021583979

247 Gumption the Digger (level 6, -14/36 HPs)
             Began as a Gargoyle Earth Elementalist on Jan 28, 2024.
             Demolished by an ogre
             ... wielding a +0 giant club
              (29 damage)
             ... on level 4 of the Dungeon.
             The game lasted 00:27:59 (4105 turns).

Gumption the Digger (Gargoyle Earth Elementalist)   Turns: 4105, Time: 00:28:00

Health: -14/36     AC:  7    Str: 11    XL:     6   Next: 11%
Magic:  9/10       EV: 11    Int: 18    God:
Gold:   171        SH:  0    Dex: 10    Spells: 6/10 levels left

rFire   . . .        a - +2 dagger (holy)
rCold   . . .        (no shield)
rNeg    + . .        e - +0 leather armour
rPois   ∞            (no helmet)
rElec   +            (no cloak)
rCorr   .            (no gloves)
SInv    .            (no boots)
Will    .....        (no amulet)
Stlth   ++           (no ring)
HPRegen 0.26/turn    (no ring)
MPRegen 0.12/turn

%: no passive effects
@: no status effects
A: sickness immunity, AC +4, negative energy resistance 1, electricity
resistance, torment resistance 1, petrification resistance
a: no special abilities


You were on level 4 of the Dungeon.
You visited 1 branch of the dungeon, and saw 4 of its levels.

You collected 171 gold pieces.

Inventory:

Hand Weapons
 a - a +2 dagger of holy wrath (weapon)
 l - a +0 whip
Missiles
 o - 4 poisoned darts
Armour
 e - a +0 leather armour (worn)
Jewellery
 g - a ring of ice
Wands
 q - a wand of quicksilver (11)
Scrolls
 c - 3 scrolls of poison {unknown}
 j - a scroll of vulnerability {unknown}
 m - a scroll of fog {unknown}
 n - a scroll of summoning {unknown}
 r - 2 scrolls of identify
Potions
 b - a potion of magic
 d - a potion of invisibility
 f - 2 potions of haste
 h - a potion of heal wounds
 i - 2 potions of might
 k - a potion of cancellation
 p - a potion of curing


   Skills:
 + Level 2.9 Fighting
 - Level 1.5 Dodging
 - Level 2.1 Stealth
 + Level 2.7 Spellcasting
 + Level 3.2 Conjurations
 + Level 5.6 Earth Magic


You had 6 spell levels left.
You knew the following spells:

 Your Spells              Type           Power      Damage    Failure   Level
a - Sandblast             Erth           44%        2d11      2%          1
b - Stone Arrow           Conj/Erth      36%        3d9       11%         3

Your spell library contained the following spells:

 Spells                   Type           Power      Damage    Failure   Level
 Magic Dart               Conj           56%        1d5       6%          1
 Passwall                 Erth           22%        N/A       7%          3
 Blink                    Tloc           4%         N/A       32%         2
 Call Imp                 Summ           4%         N/A       32%         2
 Brom's Barrelling Bould  Conj/Erth      18%        2d4       34%         4
 Petrify                  Alch/Erth      12%        N/A       56%         4
 Dispel Undead            Necr           2%         3d7       91%         4
 Martyr's Knell           Necr/Summ      2%         N/A       91%         4
 Death Channel            Necr           1%         N/A       100%        6
 Cigotuvi's Dreadful Rot  Necr/Alch/Air  Unusable   N/A       N/A         2

Dungeon Overview and Level Annotations

Branches:
Dungeon (4/15)
 Temple: D:4-7

Altars:
Fedhas
Makhleb
Nemelex Xobeh
Ru


Innate Abilities, Weirdness & Mutations

You are immune to sickness and miasma.
Your stone body is resilient. (AC +4)
You are immune to poison.
You resist negative energy. (rN+)
You are resistant to electric shocks. (rElec)
You are resistant to unholy torment.
You are immune to petrification.


Message History

The blast of sand hits the jelly.
The jelly is severely wounded.
Aiming: Sandblast (safe; 2% risk of failure)
Press: ? - help, Q - select action, (/) - cycle Shift-Dir - straight line, f/p - jelly
Aim: a jelly (severely wounded, 100% to hit)
The blast of sand hits the jelly.
The jelly is almost dead.
The jelly closely misses you.
Aiming: Sandblast (safe; 2% risk of failure)
Press: ? - help, Q - select action, (/) - cycle Shift-Dir - straight line, f/p - jelly
Aim: a jelly (almost dead, 100% to hit)
The blast of sand hits the jelly!
You kill the jelly!
You have reached level 6!
There is a stone staircase leading up here.
You start resting.
Magic restored.
c - 3 scrolls labelled GOOVOI ITIESM (gained 1)
i - 2 potions of might (gained 1)
Found a stone staircase leading up.
Found an inky potion.
Found a scroll of identify.
h - an inky potion
r - 3 scrolls of identify (gained 1)
As you read the scroll of identify, it crumbles to dust.
h - a potion of heal wounds An ogre comes into view.
It is wielding a +0 giant club.
The ogre shouts!
The ogre barely misses you.
Aiming: Sandblast (safe; 2% risk of failure)
Press: ? - help, Q - select action, (/) - cycle Shift-Dir - straight line, f - ogre
Aim: an ogre, wielding a +0 giant club (92% to hit)
The blast of sand hits the ogre!
The ogre is moderately wounded.
The ogre hits you with a +0 giant club!!
Ouch! That really hurt!
The ogre attacks as it pursues you!
The ogre hits you with a +0 giant club!!
Ouch! That really hurt!
You die...

#########
#........
#........
#........
###........
#...#######
##.O..# ..#
#.@..# ..#
#####..## ..#
####..##..###.[#
#.....<........#
#..............#
+..............#
#..............#
#..............#
#...####...##..#


You could see an ogre.

Vanquished Creatures
  2 bombardier beetles (D:3)
  An orc priest (D:3)
  A jelly (D:4)
  An orc wizard (D:3)
  3 adders
  2 ribbon worms (D:3)
  A dart slug (D:3)
  11 orcs (D:3)
  2 bats
  4 endoplasms
  3 giant cockroaches
  5 goblins
  4 hobgoblins
  3 quokkas
  7 ball pythons
  4 frilled lizards (D:1)
  A kobold (D:1)
  3 rats
58 creatures vanquished.

Notes
Turn   | Place    | Note
-------+----------+-------------------------------------------
     0 | D:1      | Gumption the Gargoyle Earth Elementalist began the quest
                  | for the Orb.
     0 | D:1      | Reached XP level 1. HP: 10/10 MP: 3/3
   412 | D:1      | Reached skill level 4 in Earth Magic
   412 | D:1      | Reached XP level 2. HP: 16/16 MP: 1/5
   802 | D:1      | Reached skill level 1 in Fighting
  1558 | D:1      | Reached XP level 3. HP: 20/20 MP: 4/6
  1562 | D:1      | Learned a level 3 spell: Stone Arrow
  2533 | D:3      | Found a sacrificial altar of Ru.
  2607 | D:3      | Reached skill level 5 in Earth Magic
  2607 | D:3      | Reached XP level 4. HP: 26/26 MP: 3/7
  2778 | D:3      | Found a burning altar of Makhleb.
  2960 | D:3      | Reached XP level 5. HP: 28/30 MP: 1/8
  3446 | D:3      | Found a sparkling altar of Nemelex Xobeh.
  3454 | D:3      | Found a blossoming altar of Fedhas.
  3994 | D:4      | Reached XP level 6. HP: 36/36 MP: 4/10
  4105 | D:4      | Demolished by an ogre

Illustrated notes

Levels and vault maps discovered:
D:1:      dpeg_arrival_round_c, layout_basic
D:2:      layout_basic, grunt_ministairs_1, minmay_door_square
D:3:      layout_basic, marbit_many_paths, nicolae_overflow_crystal_walls,
          jmf_multi_god_temple2, serial_corexii_hall, corexii_hall_statues_t,
          chequers_hall_statues_corner_a, chequers_hall_statues_y,
          chequers_hall_statues_corner_a, kennysheep_donut
D:4:      layout_gridville, amcnicky_altar_gilded,
          nicolae_uskayaw_murder_on_the_dancefloor

Skill      XL: |  1  2  3  4  5 |
---------------+----------------+-----
Earth Magic    | 4 5 |  5.6
Fighting       | 1 2 |  2.9
Conjurations   | 2 3 |  3.2
Dodging        | |  1.5
Stealth        | |  2.1
Spellcasting   | |  2.7

Action                     |  1- 3 |  4- 6 || total
---------------------------+-------+-------++-------
  Melee: Unarmed           |     8 |       ||     8
         Whip              |     5 |       ||     5
         Spear             |     2 |       ||     2
         Dagger            |    12 |    14 ||    26
   Cast: Sandblast         |    46 |    49 ||    95
    Use: Scroll            |     6 |     1 ||     7
 Armour: Robe              |    22 |       ||    22
         Leather armour    |     4 |    21 ||    25
  Dodge: Dodged            |    15 |    17 ||    32
